 Dungeon Crawl Stone Soup version 0.30-b1-2-g02819fbbbe (webtiles) character file.

Game seed: 18316244548571189378

8887 suse60 the Fighter (level 11, 0/100 HPs)
             Began as a Minotaur Gladiator on Dec 15, 2023.
             Was a Priest of Kikubaaqudgha.
             Slain by an orc warrior
             ... wielding a +0 flail
              (16 damage)
             ... on level 10 of the Dungeon on Dec 17, 2023.
             The game lasted 01:01:36 (9234 turns).

suse60 the Fighter (Minotaur Gladiator)             Turns: 9234, Time: 01:01:37

Health: 0/100      AC: 15    Str: 23    XL:     11   Next: 15%
Magic:  10/10      EV: 19    Int:  5    God:    Kikubaaqudgha [***...]
Gold:   575        SH:  0    Dex: 12    Spells: 5/10 levels left

rFire   . . .        a - +0 war axe
rCold   . . .        (no shield)
rNeg    . . .        l - +0 chain mail
rPois   +            r - +2 hat
rElec   .            z - +1 cloak {rPois}
rCorr   .            w - +0 pair of gloves
SInv    .            b - +1 pair of boots
Will    .....        j - amulet of faith Stlth
                     y - +5 ring of evasion
HPRegen 0.36/turn    A - +5 ring of evasion
MPRegen 0.12/turn

%: faith
@: no status effects
A: horns 2, retaliatory headbutt
a: Renounce Religion, Unearth Wretches


You were on level 10 of the Dungeon.
You worshipped Kikubaaqudgha.
Kikubaaqudgha was most pleased with you.
You visited 2 branches of the dungeon, and saw 12 of its levels.
You also visited: Bailey.

You collected 575 gold pieces.

Inventory:

Hand Weapons
 a - a +0 war axe (weapon)
 t - a +1 scythe of pain
Missiles
 d - a throwing net
 e - 6 javelins (quivered)
 k - 19 poisoned darts
Armour
 b - a +1 pair of boots (worn)
 l - a +0 chain mail (worn)
 r - a +2 hat (worn)
 w - a +0 pair of gloves (worn)
 z - a +1 cloak of poison resistance (worn)
Jewellery
 j - an amulet of faith (around neck)
 p - an amulet of guardian spirit
 y - a +5 ring of evasion (left hand)
 A - a +5 ring of evasion (right hand)
Wands
 h - a wand of flame (5)
 B - a wand of iceblast (11)
Scrolls
 f - a scroll of silence {unknown}
 g - a scroll of immolation
 o - 3 scrolls of teleportation
 v - 2 scrolls of poison
 x - 2 scrolls of fear
Potions
 c - 2 potions of flight
 m - 4 potions of mutation
 n - 2 potions of curing
 q - 3 potions of might
 s - a potion of resistance
 u - 4 potions of invisibility
 C - a potion of brilliance {unknown}
 D - a potion of attraction {unknown}


   Skills:
 - Level 10.2 Fighting
 - Level 10.0 Axes
 + Level 3.5 Throwing
 - Level 3.2 Dodging
 - Level 10.0 Necromancy


You had 5 spell levels left.
You knew the following spells:

 Your Spells              Type           Power      Damage    Failure   Level
a - Necrotise             Necr           40%        1d6       6%          1
b - Animate Dead          Necr           10%        N/A       52%         4

Your spell library contained the following spells:

 Spells                   Type           Power      Damage    Failure   Level
 Sublimation of Blood     Necr           10%        N/A       10%         2
 Cigotuvi's Dreadful Rot  Necr/Pois/Air  6%         N/A       82%         2
 Slow                     Hex            0%         N/A       98%         1
 Anguish                  Hex/Necr       2%         N/A       99%         4
 Borgnjor's Vile Clutch   Necr/Erth      2%         N/A       100%        5
 Death Channel            Necr           5%         N/A       100%        6
 Simulacrum               Ice/Necr       2%         N/A       100%        6


Dungeon Overview and Level Annotations

Branches:
Dungeon (11/15)            Temple (1/1) D:5            Lair (0/5) D:10
 Bailey (visited)
    Orc: D:9-12

Altars:
Ashenzari
Cheibriados
Dithmenos
Elyvilon
Fedhas
Gozag
Hepliaklqana
Kikubaaqudgha
Makhleb
Nemelex Xobeh
Okawaru
Qazlal
Ru
Sif Muna
Trog
Uskayaw
Wu Jian
Xom
Yredelemnul
Zin
The Shining One

Shops:
D:3 *   D:8 *[?!!


Innate Abilities, Weirdness & Mutations

You have a pair of horns on your head.
You reflexively headbutt those who attack you in melee.


Message History

The orc warrior hits you with a +0 flail.
You barely miss the orc warrior. Your headbutt misses the orc warrior.
The orc warrior is heavily wounded.
The orc warrior closely misses you. You furiously retaliate!
You headbutt the orc warrior.
You hit the orc warrior but do no damage.
The orc warrior is severely wounded.
The orc warrior hits you with a +0 flail!
You barely miss the orc warrior. Your headbutt misses the orc warrior.
The orc warrior is severely wounded.
The orc warrior hits you with a +0 flail!
You hit the orc warrior.
You headbutt the orc warrior, but do no damage.
The orc warrior is severely wounded.
The orc warrior barely misses you. You furiously retaliate!
You headbutt the orc warrior, but do no damage.
You barely miss the orc warrior.
The orc warrior is severely wounded.
The orc warrior hits you with a +0 flail!
You hit the orc warrior.
The orc warrior is severely wounded.
The orc warrior hits you with a +0 flail!
* * * LOW HITPOINT WARNING * * *
You barely miss the orc warrior.
You headbutt the orc warrior, but do no damage.
The orc warrior is severely wounded.
The orc warrior misses you.
You hit the orc warrior.
The orc warrior is severely wounded.
The orc warrior barely misses you. You furiously retaliate!
You headbutt the orc warrior.
You hit the orc warrior but do no damage.
The orc warrior is almost dead.
The orc warrior hits you with a +0 flail!
* * * LOW HITPOINT WARNING * * *
You closely miss the orc warrior.
The orc warrior is almost dead.
The orc warrior hits you with a +0 flail!
You die...
Kikubaaqudgha rasps: "You have failed me!
Welcome... death!"

##......#######(#####...........
#...............#[.............#
#.......#######................#
#.......######..#.###...........
##.............[................
#.......##......####............
#............#.....>............
#.......#..#....o....####...#.##
##............)@.....###...#..##
##.P....[P.....)####.#...#.#....
#..P.P.P...P.#..####.....#......
##...P........##...####.#......##
#.......P[.P..P###.#....##....###
#.....####P..P.###...###........#
#.P...)..#P.P...................#
.[....#(>#.............#.........
..PP..####P..P......##).....)..)#


You could see an orc warrior (strong).

Vanquished Creatures
  Gastronok (D:8)
  A two-headed ogre (D:10)
  Maurice (D:8)
  2 komodo dragons
  Psyche (D:9)
  3 kobold demonologists
  Sigmund (D:6)
  5 yaks
  3 wyverns
  A steam dragon (D:9)
  2 water moccasins
  3 acid dragons
  2 sky beasts
  5 ice beasts
  5 orc warriors
  A black bear (D:6)
  3 centaurs
  3 ogres
  A kobold brigand (D:10)
  A gnoll sergeant (D:5)
  2 scorpions (D:10)
  5 wights (D:10)
  6 howler monkeys
  A crimson imp (D:8)
  3 hounds
  4 orc priests
  Jessica (D:2)
  A sleepcap (D:7)
  Terence (D:2)
  An iguana (D:3)
  Ijyb (D:3)
  9 orc wizards
  Robin (D:3)
  11 gnolls
  11 adders
  A shadow imp (D:8)
  2 white imps (D:6)
  An ufetubus (D:4)
  A worm (D:3)
  3 dart slugs
  38 orcs
  10 ball pythons
  4 endoplasms
  3 giant cockroaches
  15 goblins
  8 hobgoblins
  4 jackals (D:2)
  9 kobolds
  7 quokkas
  5 bats
  A rat (D:2)
215 creatures vanquished.

Vanquished Creatures (others)
  2 scorpions
  A howler monkey (D:10)
  An orc priest (D:7)
  An adder (D:8)
  A giant cockroach (D:8)
  11 fungi (D:10)
  14 plants (D:10)
31 creatures vanquished.

Grand Total: 246 creatures vanquished

Notes
Turn   | Place    | Note
-------+----------+-------------------------------------------
     0 | D:1      | suse60 the Minotaur Gladiator began the quest for the Orb.
     0 | D:1      | Reached XP level 1. HP: 18/18 MP: 0/0
   162 | D:1      | Found a faded altar of an unknown god.
   175 | D:1      | Got Plato's Encyclopedia of Bewitchment
   315 | D:1      | Reached XP level 2. HP: 25/25 MP: 1/1
   857 | D:2      | Reached XP level 3. HP: 31/31 MP: 2/2
   987 | D:2      | Noticed Jessica
  1006 | D:2      | Killed Jessica
  1083 | D:2      | Reached XP level 4. HP: 39/40 MP: 3/3
  1083 | D:2      | Noticed Terence
  1171 | D:2      | Killed Terence
  1172 | D:2      | Reached skill level 5 in Axes
  1325 | D:3      | Noticed Robin
  1332 | D:3      | Killed Robin
  1395 | D:3      | Noticed Ijyb
  1515 | D:3      | Found a glowing silver altar of Zin.
  1519 | D:3      | Found Zin's Purification Station.
  1658 | D:3      | Identified the +1 short sword of the Dungeon {heavy, Str+5
                  | Int+6 Dex-3}
  1662 | D:3      | Reached XP level 5. HP: 44/47 MP: 4/4
  1733 | D:3      | Reached skill level 5 in Fighting
  2139 | D:4      | Found a stormy altar of Qazlal.
  2139 | D:4      | Noticed a sky beast
  2175 | D:3      | Paralysed by Ijyb for 2 turns
  2179 | D:3      | Killed Ijyb
  2218 | D:3      | Reached XP level 6. HP: 52/57 MP: 5/5
  2497 | D:4      | Killed a sky beast
  2532 | D:4      | Found a broken altar of Ashenzari.
  2628 | D:4      | You fall into a shaft and drop 3 floors!
  2668 | D:7      | Reached XP level 7. HP: 63/64 MP: 6/6
  2857 | D:5      | Entered Level 5 of the Dungeon
  3387 | D:5      | Found an ornate altar of the Wu Jian Council.
  3681 | D:5      | Found a staircase to the Ecumenical Temple.
  3689 | Temple   | Entered the Ecumenical Temple
  3752 | Temple   | Became a worshipper of Kikubaaqudgha
  4253 | D:6      | Identified the +4 robe of the Telling Gods {rElec rC-
                  | Str+3}
  4391 | D:6      | Noticed Sigmund
  4412 | D:6      | Killed Sigmund
  4413 | D:6      | Reached XP level 8. HP: 71/75 MP: 5/7
  4778 | D:6      | Found a shadowy altar of Dithmenos.
  5011 | D:6      | Found a glowing golden altar of the Shining One.
  5212 | D:7      | Reached skill level 10 in Axes
  5271 | D:7      | Reached skill level 10 in Fighting
  5367 | D:7      | Reached skill level 1 in Necromancy
  5435 | D:7      | Reached * piety under Kikubaaqudgha
  5435 | D:7      | Received a gift from Kikubaaqudgha
  5645 | D:7      | Reached XP level 9. HP: 75/85 MP: 8/8
  6236 | D:8      | Found Uluasell's Distillery.
  6257 | D:8      | Noticed Maurice
  6291 | D:8      | Paralysed by something for 4 turns
  6299 | D:8      | Paralysed by Maurice for 2 turns
  6307 | D:8      | Killed Maurice
  6375 | D:8      | Found a burning altar of Makhleb.
  6399 | D:8      | Found Tityli's Antique Armour Boutique.
  6401 | D:8      | Found Obbiyc Optogh's Distillery.
  6490 | D:8      | Found Toacugac's General Store.
  6512 | D:8      | Found Nyomel's Magic Scroll Shoppe.
  6541 | D:8      | Noticed Gastronok
  6581 | D:8      | Killed Gastronok
  6784 | D:9      | Noticed Psyche
  6870 | D:9      | Reached XP level 10. HP: 81/93 MP: 9/9
  7291 | D:9      | Found an opulent altar of Gozag.
  7304 | D:9      | Killed Psyche
  7304 | D:9      | Reached ** piety under Kikubaaqudgha
  7544 | D:10     | Entered Level 10 of the Dungeon
  7747 | D:9      | Learned a level 1 spell: Necrotise
  7804 | D:9      | Learned a level 4 spell: Animate Dead
  7963 | D:10     | Noticed a soul eater
  7986 | D:11     | Noticed an orc knight
  7988 | D:11     | Noticed a two-headed ogre
  8139 | D:10     | Found a flagged portal.
  8144 | Bailey   | Entered a bailey
  8762 | D:10     | Reached XP level 11. HP: 100/100 MP: 10/10
  8864 | D:10     | Identified the +1 robe of the King of the Hill {rElec rF+}
  9002 | D:10     | Reached *** piety under Kikubaaqudgha
  9002 | D:10     | Received a gift from Kikubaaqudgha
  9111 | D:10     | Found a staircase to the Lair.
  9124 | D:10     | Reached skill level 10 in Necromancy
  9206 | D:10     | Killed a two-headed ogre
  9234 | D:10     | Slain by an orc warrior

Illustrated notes

Levels and vault maps discovered:
D:1:      wander_arrival_estate, layout_basic,
          shapermc_ecumenical_altar_rom_forum
D:2:      layout_rooms, minmay_tetromino_o2, uniq_jessica, uniq_terence
D:3:      layout_basic, zin_purify, corexii_corridor_pit, uniq_ijyb, uniq_robin
D:4:      layout_cave_pools, nicolae_qazlal_beasts_of_the_sky,
          lemuel_tele_altar, kennysheep_cluttered_room,
          chequers_serial_rivers_micro_d, nrook_mini_vaults
D:5:      layout_cave_pods, pdpol_wu_jian_five_deadly_venoms,
          minmay_temple_entry_glassed_door, chequers_jeans
D:6:      layout_loops_ring, tso_oasis_becter,
          nicolae_dithmenos_through_a_glass_darkly, uniq_sigmund
D:7:      layout_layer_cave
D:8:      layout_rooms, makhleb_grotto_becter, serial_shops, shop, shop,
          nicolae_shop_back_alley_shop, nicolae_diamond_shop,
          nicolae_stop_n_shop_2, uniq_gastronok, uniq_maurice
D:9:      layout_roguey, grunt_gozag_statues, uniq_psyche
D:10:     layout_rooms, grunt_lair_entry_orc_guard_hut, enter_bailey_3
D:11:     minmay_the_grid_3x2 [minmay_the_grid_medium_cups,
          minmay_the_grid_minigrid_large, minmay_the_grid_spin_star,
          minmay_the_grid_armoury, minmay_the_grid_pillar_ring,
          minmay_the_grid_prize_four_corners], layout_loops_ring, enter_trove_1
Temple:   nicolae_temple_bog_church

Skill      XL: |  1  2  3  4  5  6  7  8  9 10 11 |
---------------+----------------------------------+-----
Axes           | 4 5 6 7 9 10 | 10.0
Fighting       | 3 4 5 6 8 10 | 10.2
Necromancy     | 1 6 9 10 | 10.0
Throwing       | 3 |  3.5
Dodging        | |  3.2

Action                     |  1- 3 |  4- 6 |  7- 9 | 10-12 || total
---------------------------+-------+-------+-------+-------++-------
  Melee: War axe           |    51 |   118 |   236 |   188 ||   593
         Headbutt          |     6 |    15 |    49 |    45 ||   115
         Punch             |       |       |     2 |     1 ||     3
  Throw: Throwing net      |     1 |     6 |     4 |       ||    11
         Javelin           |       |       |     4 |    18 ||    22
 Invoke: Unearth Wretches  |       |       |     1 |     1 ||     2
  Evoke: Wand              |       |       |    10 |     7 ||    17
    Use: Scroll            |     3 |     5 |     9 |     1 ||    18
         Potion            |       |       |     1 |     4 ||     5
   Stab: Held in net/web   |     1 |       |     2 |       ||     3
         Paralysed         |       |       |     2 |    14 ||    16
 Armour: Leather armour    |     3 |       |       |       ||     3
         Ring mail         |     4 |       |       |       ||     4
         Scale mail        |    19 |    45 |    73 |       ||   137
         Chain mail        |       |       |     7 |    84 ||    91
  Dodge: Dodged            |    35 |    51 |    85 |   180 ||   351
